 Dungeon Crawl Stone Soup version 0.23.0 (webtiles) character file.

Game seed: 12125431407915742874

149 cloud the Charmwright (level 5, -2/41 HPs)
             Began as a Draconian Skald on Feb 17, 2019.
             Slain by Grinder (3 damage)
             ... while paralysed by Grinder
             ... on level 3 of the Dungeon.
             The game lasted 00:18:17 (1758 turns).

cloud the Charmwright (Draconian Skald)             Turns: 1758, Time: 00:18:18

Health: -2/41      AC:  7    Str: 19    XL:     5   Next: 9%
Magic:  1/8        EV:  2    Int: 14    God:
Gold:   165        SH:  0    Dex: 10    Spells: 2/8 levels left

rFire    . . .     SeeInvis .   a - +0 spear
rCold    . . .     Gourm    .   (no shield)
rNeg     . . .     Faith    .   (armour unavailable)
rPois    .         Spirit   .   l - +2 hat
rElec    .         Reflect  .   (no cloak)
rCorr    .         Harm     .   (no gloves)
MR       .....                  (no boots)
Stlth    +.........             (no amulet)
HPRegen  0.13/turn              (no ring)
MPRegen  0.11/turn              (no ring)

@: paralysed, mighty, infused, very slightly contaminated
A: unfitting armour, cold-blooded, AC +5
a: no special abilities


You were on level 3 of the Dungeon.
You were near starving.

You visited 1 branch of the dungeon, and saw 3 of its levels.

You collected 165 gold pieces.

Inventory:

Hand Weapons
 a - a +0 spear (weapon)
 b - a cursed -2 whip
Armour
 l - a +2 hat (worn)
 n - a +2 hat
Scrolls
 d - 3 scrolls of identify {unknown}
 e - 2 scrolls of remove curse {unknown}
 g - 2 scrolls of teleportation {unknown}
 h - 2 scrolls of fear {unknown}
 k - 3 scrolls of noise {unknown}
Potions
 i - a potion of might
 j - a potion of mutation {unknown}
 m - a potion of haste
Comestibles
 c - 2 rations


   Skills:
 - Level 2.1 Fighting
 - Level 2.0 Polearms
 - Level 2.1 Dodging
 - Level 2.0 Spellcasting
 + Level 1.6 Hexes
 * Level 4.7 Charms
 - Level 1.0 Translocations


You had 2 spell levels left.
You knew the following spells:

 Your Spells              Type           Power        Failure   Level  Hunger
a - Infusion              Chrm           ##..         3%          1    ##.....
b - Shroud of Golubria    Chrm/Tloc      #.........   11%         2    ###....
c - Spectral Weapon       Hex/Chrm       ##......     19%         3    ####...

Your spell library contained the following spells:

 Spells                   Type           Power        Failure   Level  Hunger
 Song of Slaying          Chrm           ##......     4%          2    ###....
 Regeneration             Chrm/Necr      #.........   26%         3    ####...


Dungeon Overview and Level Annotations

Branches:
Dungeon (3/15)

Altars:
Makhleb
Yredelemnul
Jiyva

Annotations:
D:3 Grinder


Innate Abilities, Weirdness & Mutations

Your plain brown scales are hard. (AC +5)
You cannot fit into any form of body armour.
You are cold-blooded and may be slowed by cold attacks.


Message History

You hit Grinder.
Grinder is heavily wounded.
The frilled lizard barely misses you. Grinder hits you!
* * * LOW HITPOINT WARNING * * *
You writhe in agony.
* * * LOW HITPOINT WARNING * * *
Save game and exit?
Okay, then.
It was a potion of might.
You feel very mighty all of a sudden. The frilled lizard barely misses you.
Grinder closely misses you.
You hit Grinder.
Grinder is severely wounded.
The frilled lizard closely misses you. Grinder gestures at you.
You suddenly lose the ability to move!
The frilled lizard barely misses you. Grinder hits you.
* * * LOW HITPOINT WARNING * * *
You writhe in agony.
You die...

......#.##....#...
.........#?.......
.......$.......>
.......<.......
.............#.
######.......#
#....<.##
...##l##.# #.
#.@5.# #5 ######
%.


You could see Grinder and a frilled lizard.

Vanquished Creatures
  A hound (D:2)
  An orc priest (D:3)
  An orc wizard (D:2)
  An adder (D:2)
  An ooze (D:2)
  2 dart slugs
  2 orcs (D:2)
  8 bats
  A giant cockroach (D:1)
  9 goblins
  4 hobgoblins (D:1)
  3 jackals (D:1)
  2 quokkas (D:2)
  5 frilled lizards
  3 kobolds
  5 rats
49 creatures vanquished.

Notes
Turn   | Place    | Note
-------+----------+-------------------------------------------
     0 | D:1      | cloud the Draconian Skald began the quest for the Orb.
     0 | D:1      | Reached XP level 1. HP: 17/17 MP: 3/3
    71 | D:1      | Reached skill level 3 in Charms
   169 | D:1      | Reached XP level 2. HP: 24/24 MP: 5/5
   562 | D:1      | Reached XP level 3. HP: 29/29 MP: 3/6
   566 | D:1      | Learned a level 2 spell: Shroud of Golubria
   570 | D:1      | Learned a level 3 spell: Spectral Weapon
   839 | D:1      | Found a viscous altar of Jiyva.
   943 | D:2      | Found a burning altar of Makhleb.
   950 | D:2      | Reached skill level 4 in Charms
  1040 | D:2      | Reached XP level 4. HP: 27/36 MP: 5/7
  1063 | D:2      | Reached skill level 1 in Translocations
  1159 | D:2      | Reached skill level 1 in Hexes
  1271 | D:2      | Found a basalt altar of Yredelemnul.
  1416 | D:3      | Noticed Grinder
  1510 | D:2      | Reached XP level 5. HP: 23/41 MP: 1/8
  1757 | D:3      | Paralysed by Grinder for 4 turns
  1758 | D:3      | HP: 1/41 [Grinder (4)]
  1758 | D:3      | Slain by Grinder

Skill      XL: |  1  2  3  4 |
---------------+-------------+-----
Charms         | 3 4 |  4.7
Translocations | 1 |  1.0
Hexes          | 1 |  1.6
Fighting       | |  2.1
Polearms       | |  2.0
Dodging        | |  2.1
Spellcasting   | |  2.0

Action                   |  1- 3 |  4- 6 || total
-------------------------+-------+-------++-------
Melee: Spear             |    91 |    83 ||   174
       Tailslap          |     5 |     5 ||    10
 Cast: Infusion          |    12 |     7 ||    19
       Shroud of Golubri |       |     4 ||     4
  Use: Potion            |       |     3 ||     3
 Stab: Sleeping          |       |     1 ||     1
  Eat: Chunk             |     1 |     1 ||     2
Armor: Skin              |    20 |    28 ||    48
Dodge: Dodged            |    40 |    40 ||    80
